 Dungeon Crawl Stone Soup version 0.20.1-1-g8b1a95d (webtiles) character file.

4090 kinenseiburu the Covered (level 10, 0/77 HPs)
             Began as a Human Wanderer on Oct 2, 2017.
             Slain by Josephine the ettin (10 damage)
             ... on level 10 of the Dungeon.
             The game lasted 00:49:27 (7529 turns).

kinenseiburu the Covered (Human Wanderer)           Turns: 7529, Time: 00:49:27

Health: 0/77       AC: 17    Str: 18    XL:     10   Next: 50%
Magic:  0/10       EV: 12    Int: 11    God:    Xom [......]
Gold:   460        SH:  0    Dex: 14    Spells: 9/9 levels left

rFire    + + +     SeeInvis .   A - +2 mace of Nemelex Xobeh's Favour {crush, MR+ Str+2}
rCold    . . .     Gourm    .   (no shield)
rNeg     . . .     Faith    .   e - +6 chain mail {rF+}
rPois    +         Spirit   +   (helmet restricted)
rElec    .         Reflect  .   o - scarf {Spirit}
rCorr    .         Harm     .   (no gloves)
MR       ++...                  u - +0 pair of boots
Stlth    ..........             (no amulet)
Regen    0.3/turn               w - ring of protection from fire
MPRegen  0.2/turn               h - +2 ring of evasion

@: about to teleport
A: beak, horns 1, blink, fire resistance 1, magic resistance 1, mutation
resistance 1, poison resistance, wild magic 1, sturdy frame 1
a: Blink, Renounce Religion


You were on level 10 of the Dungeon.
You worshipped Xom.
You were a very special plaything of Xom.
You were hungry.

You visited 2 branches of the dungeon, and saw 11 of its levels.

You collected 557 gold pieces.
You spent 97 gold pieces at shops.

Inventory:

Hand Weapons
 a - a +3 short sword
 v - a +0 arbalest
 A - the +2 mace of Nemelex Xobeh's Favour (weapon) {crush, MR+ Str+2}
   (You found it on level 7 of the Dungeon)

   It inflicts extra damage upon your enemies.
   It affects your strength (+2).
   It affects your resistance to hostile enchantments.
Missiles
 i - 49 bolts
Armour
 e - a +6 chain mail of fire resistance (worn)
 o - a scarf of spirit shield (worn)
 u - a +0 pair of boots (worn)
Jewellery
 h - a +2 ring of evasion (right hand)
 j - an uncursed ring of flight
 w - a ring of protection from fire (left hand)
Wands
 d - a wand of flame (22/48)
 l - a wand of scattershot (5/9)
 t - a wand of lightning (8/15)
 B - a wand of confusion (13/48)
Scrolls
 b - 6 scrolls of identify
 m - a scroll of fog
 n - 2 scrolls of recharging
 y - 2 scrolls of remove curse
 z - a scroll of enchant weapon
 D - a scroll of fear
Potions
 q - 2 potions of invisibility
 x - 4 potions of flight
Comestibles
 c - 4 fruits
 f - 6 bread rations
 k - 3 royal jellies
 s - 4 meat rations


   Skills:
 + Level 6.4 Fighting
 + Level 6.5 Short Blades
 * Level 6.6 Maces & Flails
 + Level 4.4 Crossbows
 + Level 1.0 Throwing
 + Level 7.0 Armour
 + Level 4.8 Dodging
 + Level 2.3 Stealth
   Level 1.0 Shields


You had 9 spell levels left.
You didn't know any spells.

Dungeon Overview and Level Annotations

Branches:
Dungeon (10/15)            Temple (1/1) D:4             Orc (0/2) D:9
   Lair: D:8-11

Altars:
Dithmenos
Kikubaaqudgha
Ru
Sif Muna
Trog
Xom
Yredelemnul
Zin
The Shining One

Shops:
D:7 ?

Annotations:
D:10 Josephine


Innate Abilities, Weirdness & Mutations

You have a beak for a mouth.
You have a pair of small horns on your head.
You can translocate small distances at will.
Your flesh is heat resistant. (rF+)
You are resistant to hostile enchantments. (MR+)
You are somewhat resistant to further mutation.
Your system is resistant to poisons. (rPois)
Your spells are a little harder to cast, but a little more powerful.
Your movements are slightly less encumbered by armour. (ER -2)


Message History

The wraith hits you but does no damage. Josephine hits you but does no damage.
Josephine hits you!!
* * * LOW HITPOINT WARNING * * *
A shower of butterflies erupts from you!
The wraith closely misses you.
Okay, then.
You swap places.
The wraith barely misses your butterfly.
Josephine hits your butterfly!!
Your butterfly dies!
As you read the scroll of teleportation, it crumbles to dust.
You feel strangely unstable.
You feel yourself speed up. Xom alters the dungeon around you.
Nothing appears to happen.
The wraith hits you but does no damage. Josephine hits you.
* * * LOW HITPOINT WARNING * * *
Josephine hits you!
You die...
Xom chortles!

.# #...........# .....
.# #.........._# .... .#
#......b....# ... .#
#........b..# ...
.######:..........######
.........).......(....(.
..............bWW..[.((.
.#####..#######WC####.
.# #..# #W@# .# #..#
#..#
.#####..#######).####.
..........<............
.......................
................####..#
................# #..#
................# #..#
................# #..#


You could see Josephine the ettin and 4 wraiths.

Vanquished Creatures
  A troll (D:10)
  2 hippogriffs
  A wyvern (D:8)
  2 yaks
  Edmund (D:4)
  An orc warrior (D:7)
  An eye of draining (D:10)
  A phantom (D:6)
  2 sky beasts
  3 black bears
  4 ogres
  2 centaurs
  The ghost of aubilenon the Sneak, an amateur SpEn (D:4)
  A bullfrog (D:4)
  A big kobold (D:10)
  3 scorpions
  4 wights (D:10)
  3 howler monkeys
  A bullfrog zombie (D:9)
  A gnoll shaman (D:8)
  Crazy Yiuf (D:7)
  3 crimson imps
  4 hounds
  An orc priest (D:9)
  A jelly (D:7)
  2 iguanas
  2 centaur skeletons
  Terence (D:3)
  2 worker ants
  A howler monkey zombie (D:7)
  13 adders
  4 gnolls (D:8)
  4 oozes
  An adder skeleton (D:7)
  3 dart slugs
  5 leopard geckos
  37 orcs
  7 giant cockroaches
  4 hobgoblins
  15 jackals
  11 kobolds
  3 quokkas
  A ball python (D:1)
  4 bats
  6 frilled lizards
  3 goblins
  A quokka skeleton (D:8)
  5 rats
181 creatures vanquished.

Vanquished Creatures (collateral kills)
  A bullfrog (D:9)
  An orc wizard (D:9)
  2 orcs
4 creatures vanquished.

Grand Total: 185 creatures vanquished

Notes
Turn   | Place    | Note
-------+----------+-------------------------------------------
     0 | D:1      | kinenseiburu the Human Wanderer began the quest for the Orb.
     0 | D:1      | kinenseiburu set off with: a +2 short sword, a potion of lignification, a potion of curing, a +0 robe, a bread ration
     0 | D:1      | Reached XP level 1. HP: 18/18 MP: 1/1
   222 | D:1      | Reached XP level 2. HP: 23/24 MP: 2/2
   422 | D:1      | Reached XP level 3. HP: 26/29 MP: 3/3
   908 | D:2      | Reached XP level 4. HP: 31/37 MP: 4/4
  1849 | D:2      | Found a glowing golden altar of the Shining One.
  1852 | D:2      | Found an ancient bone altar of Kikubaaqudgha.
  1855 | D:2      | Found a deep blue altar of Sif Muna.
  1856 | D:2      | Found a glowing silver altar of Zin.
  1857 | D:2      | Found a basalt altar of Yredelemnul.
  2074 | D:3      | Noticed Terence
  2114 | D:3      | Killed Terence
  2114 | D:3      | Reached XP level 5. HP: 4/42 MP: 5/5
  2853 | D:4      | Noticed aubilenon's ghost (amateur SpEn)
  2874 | D:4      | Killed aubilenon's ghost
  2874 | D:4      | Reached skill level 1 in Armour
  2874 | D:4      | Reached XP level 6. HP: 46/48 MP: 6/6
  2916 | D:4      | Reached skill level 2 in Armour
  3164 | D:4      | Reached skill level 3 in Armour
  3164 | D:4      | Reached XP level 7. HP: 54/54 MP: 7/7
  3386 | D:4      | Found a staircase to the Ecumenical Temple.
  3396 | Temple   | Entered the Ecumenical Temple
  3406 | Temple   | Became a worshipper of Xom the Fickle
  3486 | D:4      | XOM: silly message
  3526 | D:4      | Gained mutation: You are dopey. (Int -2) [potion of mutation]
  3526 | D:4      | Gained mutation: Your system is resistant to poisons. (rPois) [potion of mutation]
  3526 | D:4      | Gained mutation: Your flesh is cold resistant. (rC+) [potion of mutation]
  3532 | D:4      | XOM: cast spell 'Statue Form'
  3658 | D:4      | Noticed Edmund
  3660 | D:4      | XOM: confuse monster(s)
  3676 | D:4      | Killed Edmund
  3676 | D:4      | Reached skill level 4 in Armour
  3801 | D:5      | Entered Level 5 of the Dungeon
  3812 | D:5      | XOM: god gift: wand of scattershot (?/9) {god gift}
  4169 | D:5      | XOM: give mutations
  4169 | D:5      | Gained mutation: You have a pair of small horns on your head. [Xom's grace]
  4169 | D:5      | Gained mutation: Your flesh is heat resistant. (rF+) [Xom's grace]
  4169 | D:5      | Gained mutation: You are resistant to hostile enchantments. (MR+) [Xom's grace]
  4169 | D:5      | Gained mutation: You have a beak for a mouth. [Xom's grace]
  4312 | D:5      | Reached XP level 8. HP: 37/61 MP: 8/8
  4603 | D:5      | XOM: silly message
  4724 | D:6      | XOM: mild Conj miscast
  4844 | D:6      | Reached skill level 5 in Armour
  4849 | D:6      | Reached skill level 5 in Short Blades
  4895 | D:6      | XOM: enchant monster (good)
  5101 | D:6      | XOM: summons 2 friendly demons
  5103 | D:6      | XOM: summons 4 hostile demons
  5458 | D:7      | XOM: give mutations
  5458 | D:7      | Lost mutation: You are dopey. (Int -2) [Xom's mischief]
  5458 | D:7      | Gained mutation: You are dopey. (Int -2) [Xom's mischief]
  5458 | D:7      | Lost mutation: You are dopey. (Int -2) [Xom's mischief]
  5458 | D:7      | Gained mutation: You are frail. (-10% HP) [Xom's mischief]
  5473 | D:7      | XOM: swap monsters
  5479 | D:7      | Reached skill level 5 in Fighting
  5561 | D:7      | XOM: draining
  5586 | D:7      | XOM: medium Chrm miscast
  5636 | D:7      | Reached skill level 6 in Armour
  5670 | D:7      | Found Odwuf's Magic Scroll Shoppe.
  5673 | D:7      | Bought a scroll of enchant armour for 97 gold pieces
  5945 | D:7      | Found a runed door.
  5996 | D:7      | Noticed Crazy Yiuf
  6005 | D:7      | Killed Crazy Yiuf
  6005 | D:7      | Reached XP level 9. HP: 51/61 MP: 6/9
  6012 | D:7      | Got an ichor-stained mace
  6013 | D:7      | Identified the +2 mace of Nemelex Xobeh's Favour {crush, MR+ Str+2} (You found it on level 7 of the Dungeon)
  6079 | D:7      | Noticed a hippogriff
  6090 | D:7      | Killed a hippogriff
  6090 | D:7      | Reached skill level 1 in Maces & Flails
  6183 | D:7      | XOM: confusion (+ monsters)
  6187 | D:7      | XOM: fake destruction
  6252 | D:8      | XOM: confusion (+ monsters)
  6288 | D:7      | XOM: noise
  6338 | D:8      | XOM: harmless Fire miscast
  6376 | D:8      | XOM: smoke on damage
  6518 | D:8      | XOM: 2-stop teleportation journey
  6736 | D:8      | XOM: summons 1 hostile shadow creature
  6846 | D:9      | Found a staircase to the Orcish Mines.
  6924 | D:9      | Lost mutation: You are frail. (-10% HP) [potion of mutation]
  6924 | D:9      | Lost mutation: Your flesh is cold resistant. (rC+) [potion of mutation]
  6924 | D:9      | Gained mutation: You are somewhat resistant to further mutation. [potion of mutation]
  6964 | D:9      | XOM: cast spell 'Olgreb's Toxic Radiance'
  6965 | D:9      | Reached skill level 1 in Crossbows
  6967 | D:9      | XOM: divination: detect creatures
  7040 | D:8      | XOM: give mutations
  7040 | D:8      | Gained mutation: Your movements are slightly less encumbered by armour. (ER -2) [Xom's grace]
  7040 | D:8      | Gained mutation: You can translocate small distances at will. [Xom's grace]
  7040 | D:8      | Gained mutation: Your spells are a little harder to cast, but a little more powerful. [Xom's grace]
  7056 | D:9      | Reached XP level 10. HP: 62/76 MP: 8/10
  7070 | D:9      | XOM: cast spell 'Metabolic Englaciation'
  7081 | D:9      | Reached skill level 5 in Maces & Flails
  7093 | D:9      | XOM: noise
  7096 | D:10     | Entered Level 10 of the Dungeon
  7121 | D:10     | XOM: potion effect (agility)
  7357 | D:10     | XOM: potion effect (haste)
  7371 | D:10     | Reached skill level 7 in Armour
  7518 | D:10     | Noticed Josephine
  7521 | D:10     | Noticed Josephine
  7521 | D:10     | Josephine changed into Josephine the merfolk
  7521 | D:10     | XOM: polymorph Josephine -> Josephine the merfolk
  7522 | D:10     | XOM: scenery: create altars
  7523 | D:10     | Identified a scroll of acquirement
  7526 | D:10     | Noticed Josephine
  7526 | D:10     | Josephine the merfolk changed into Josephine the ettin
  7526 | D:10     | XOM: polymorph Josephine the merfolk -> Josephine the ettin
  7527 | D:10     | XOM: butterfly on damage
  7529 | D:10     | Slain by Josephine the ettin

Skill      XL: |  1  2  3  4  5  6  7  8  9 10 |
---------------+-------------------------------+-----
Short Blades   | 2 3 4 6 |  6.5
Fighting       | 4 5 6 |  6.4
Armour         | 1 3 4 6 7 |  7.0
Dodging        | 4 |  4.8
Stealth        | 2 |  2.3
Maces & Flails | 4 6 |  6.6
Crossbows      | 2 4 |  4.4
Throwing       | |  1.0
Shields        | |  1.0

Action                   |  1- 3 |  4- 6 |  7- 9 | 10-12 || total
-------------------------+-------+-------+-------+-------++-------
Melee: Short sword       |    74 |   251 |   301 |       ||   626
       Headbutt          |       |       |    67 |     9 ||    76
       Peck              |       |       |    65 |    15 ||    80
       Mace              |       |       |   134 |    41 ||   175
 Fire: Arbalest          |       |       |    28 |    52 ||    80
 Abil: Blink             |       |       |       |     2 ||     2
  Use: Scroll            |     3 |     8 |     8 |     4 ||    23
       Potion            |       |     5 |     9 |     1 ||    15
 Stab: Sleeping          |     1 |       |       |       ||     1
       Confused          |       |       |     2 |       ||     2
  Eat: Chunk             |       |     6 |    14 |     2 ||    22
Armor: Robe              |    13 |     8 |       |       ||    21
       Scale mail        |       |    22 |    37 |       ||    59
       Skin              |       |    10 |       |       ||    10
       Chain mail        |       |    95 |   217 |    41 ||   353
Dodge: Dodged            |    41 |   107 |   285 |    51 ||   484
